% Time on Ice - LAS VEGAS LIZARD KINGS
Lines # - Real PCT - Wanted PCT - Time Play
Normal Forward
1 - 35% - 36% - 16:46
2 - 28% - 30% - 13:15
3 - 26% - 27% - 12:19
4 - 11% - 7% - 5:01
Normal Defense
1 - 35% - 43% - 16:38
2 - 38% - 42% - 17:57
3 - 24% - 15% - 11:14
4 - 3% - 0% - 1:32
PP Forward
1 - 49% - 70% - 2:55
2 - 51% - 30% - 3:02
PP Defense
1 - 53% - 70% - 3:10
2 - 47% - 30% - 2:47
PK Forward
1 - 84% - 65% - 5:01
2 - 16% - 35% - 0:56
PK Defense
1 - 60% - 75% - 3:34
2 - 40% - 25% - 2:23
PK3 Forward
1 - 0% - 55%
2 - 0% - 45%
PK3 Defense
1 - 0% - 50%
2 - 0% - 50%
44 Forward
1 - 0% - 55%
2 - 0% - 45%
44 Defense
1 - 0% - 55%
2 - 0% - 45%
Last Minute Offensive  - 0:45
Last Minute Defensive  - 0:00
Total
Forward - 60:00
Defense - 60:00
% Time on Ice - VANCOUVER VOODOO
Lines # - Real PCT - Wanted PCT - Time Play
Normal Forward
1 - 27% - 33% - 13:00
2 - 30% - 32% - 14:13
3 - 29% - 27% - 13:36
4 - 14% - 8% - 6:32
Normal Defense
1 - 36% - 35% - 17:15
2 - 33% - 32% - 15:49
3 - 26% - 27% - 12:25
4 - 4% - 6% - 1:52
PP Forward
1 - 60% - 50% - 3:34
2 - 40% - 50% - 2:23
PP Defense
1 - 45% - 59% - 2:39
2 - 55% - 41% - 3:18
PK Forward
1 - 44% - 50% - 2:38
2 - 56% - 50% - 3:19
PK Defense
1 - 56% - 58% - 3:21
2 - 44% - 42% - 2:36
PK3 Forward
1 - 0% - 55%
2 - 0% - 45%
PK3 Defense
1 - 0% - 60%
2 - 0% - 40%
44 Forward
1 - 0% - 50%
2 - 0% - 50%
44 Defense
1 - 0% - 50%
2 - 0% - 50%
Last Minute Offensive  - 0:00
Last Minute Defensive  - 0:45
Total
Forward - 60:00
Defense - 60:00
Play-by-Play 1st period 0:01 of 1st period - Anze Kopitar wins face-off versus Johnny Gaudreau in neutral zone. 0:22 of 1st period - Shot by Anze Kopitar. 0:22 of 1st period - Stopped by Marc-Andre Fleury without a rebound. 0:23 of 1st period - Bryan Little wins face-off versus Ryan Nugent-Hopkins in LAS VEGAS LIZARD KINGS zone. 0:27 of 1st period - Icing by Ryan Nugent-Hopkins. 0:28 of 1st period - Evan Rodrigues wins face-off versus Joel Eriksson Ek in LAS VEGAS LIZARD KINGS zone. 0:28 of 1st period - Evan Rodrigues is hit by Leo Komarov. 0:40 of 1st period - Shot by Evan Rodrigues. 0:40 of 1st period - Stopped by Carey Price without a rebound. 0:41 of 1st period - Derek Ryan wins face-off versus Bryan Little in VANCOUVER VOODOO zone. 1:05 of 1st period - Shot by Joel Armia. 1:05 of 1st period - Shot Misses the Net. 1:12 of 1st period - Mike Ferland is hit by Michael Matheson and loses puck. 1:43 of 1st period - Shot by Sean Monahan. 1:43 of 1st period - Stopped by Carey Price without a rebound. 1:44 of 1st period - Joel Eriksson Ek wins face-off versus Ryan Nugent-Hopkins in VANCOUVER VOODOO zone. 1:44 of 1st period - Joel Eriksson Ek is hit by Bobby Ryan. 1:57 of 1st period - Shot by Evan Rodrigues. 1:57 of 1st period - Shot Misses the Net. 1:59 of 1st period - Shot by Ryan Nugent-Hopkins. 1:59 of 1st period - Shot Misses the Net. 3:00 of 1st period - Shot by Sean Monahan. 3:00 of 1st period - Stopped by Carey Price without a rebound. 3:01 of 1st period - Anze Kopitar wins face-off versus Andy Andreoff in VANCOUVER VOODOO zone. 3:08 of 1st period - Shot by Cam Atkinson. 3:08 of 1st period - Stopped by Marc-Andre Fleury without a rebound. 3:09 of 1st period - Derek Ryan wins face-off versus Anze Kopitar in LAS VEGAS LIZARD KINGS zone. 3:47 of 1st period - Icing by Shea Theodore. 3:48 of 1st period - Anze Kopitar wins face-off versus Sean Monahan in VANCOUVER VOODOO zone. 5:12 of 1st period - Shot by Ryan Nugent-Hopkins. 5:12 of 1st period - Shot Misses the Net. 5:14 of 1st period - Shot by Evan Rodrigues. 5:14 of 1st period - Stopped by Carey Price without a rebound. 5:15 of 1st period - Jason Pominville wins face-off versus Joel Eriksson Ek in VANCOUVER VOODOO zone. 5:24 of 1st period - Shot by Rocco Grimaldi. 5:24 of 1st period - Deflect By Joel Eriksson Ek. 5:24 of 1st period - Stopped by Marc-Andre Fleury with a rebound. 5:33 of 1st period - Shot by Joel Eriksson Ek. 5:33 of 1st period - Stopped by Marc-Andre Fleury without a rebound. 5:34 of 1st period - Carter Verhaeghe wins face-off versus Derek Ryan in LAS VEGAS LIZARD KINGS zone. 5:34 of 1st period - Carter Verhaeghe is hit by Brayden McNabb. 5:57 of 1st period - Minor Penalty to Brayden McNabb for Tripping. 5:58 of 1st period - Anze Kopitar wins face-off versus Derek Ryan in LAS VEGAS LIZARD KINGS zone. 6:06 of 1st period - Icing by Devin Shore. 6:07 of 1st period - Derek Ryan wins face-off versus Anze Kopitar in VANCOUVER VOODOO zone. 7:18 of 1st period - Shot by Cam Atkinson. 7:18 of 1st period - Stopped by Marc-Andre Fleury without a rebound. 7:19 of 1st period - Sean Monahan wins face-off versus Bryan Little in LAS VEGAS LIZARD KINGS zone. 7:46 of 1st period - Shot by Tyson Jost. 7:46 of 1st period - Shot Blocked by Nick Jensen. 7:48 of 1st period - Shot by Shea Theodore. 7:48 of 1st period - Shot Blocked by Nick Jensen. 8:21 of 1st period - Shot by Evan Rodrigues. 8:21 of 1st period - Deflect By Bobby Ryan. 8:21 of 1st period - Stopped by Carey Price without a rebound. 8:22 of 1st period - Andy Andreoff wins face-off versus Carter Verhaeghe in VANCOUVER VOODOO zone. 8:29 of 1st period - Shot by Jason Pominville. 8:29 of 1st period - Stopped by Carey Price without a rebound. 8:30 of 1st period - Sean Monahan wins face-off versus Bryan Little in VANCOUVER VOODOO zone. 11:02 of 1st period - Off-side. 11:03 of 1st period - Bryan Little wins face-off versus Andy Andreoff in neutral zone. 11:05 of 1st period - Off-side. 11:06 of 1st period - Sean Monahan wins face-off versus Bryan Little in neutral zone. 11:19 of 1st period - Shot by Sean Monahan. 11:19 of 1st period - Shot Blocked by Michael Matheson. 11:21 of 1st period - Shot by Johnny Gaudreau. 11:21 of 1st period - Stopped by Carey Price without a rebound. 11:22 of 1st period - Carter Verhaeghe wins face-off versus Ryan Nugent-Hopkins in VANCOUVER VOODOO zone. 11:29 of 1st period - Shot by Denis Malgin. 11:29 of 1st period - Stopped by Marc-Andre Fleury with a rebound. 11:45 of 1st period - Shot by Carter Verhaeghe. 11:45 of 1st period - Shot Misses the Net. 11:47 of 1st period - Shot by Mathew Dumba. 11:47 of 1st period - Stopped by Marc-Andre Fleury without a rebound. 11:48 of 1st period - Bryan Little wins face-off versus Sean Monahan in LAS VEGAS LIZARD KINGS zone. 11:48 of 1st period - Devin Shore is hit by Calvin De Haan and loses puck. 12:01 of 1st period - Shot by Johnny Gaudreau. 12:01 of 1st period - Stopped by Carey Price with a rebound. 12:03 of 1st period - Shot by Matt Niskanen. 12:03 of 1st period - Shot Blocked by Danny DeKeyser. 12:05 of 1st period - Shot by Sean Monahan. 12:05 of 1st period - Stopped by Carey Price without a rebound. 12:06 of 1st period - Ryan Nugent-Hopkins wins face-off versus Anze Kopitar in VANCOUVER VOODOO zone. 12:06 of 1st period - Evan Rodrigues is hit by Jack Johnson and loses puck. 12:09 of 1st period - Shot by Brent Burns. 12:09 of 1st period - Stopped by Carey Price without a rebound. 12:10 of 1st period - Anze Kopitar wins face-off versus Sean Monahan in VANCOUVER VOODOO zone. 12:53 of 1st period - Shot by Sean Monahan. 12:53 of 1st period - Stopped by Carey Price without a rebound. 12:54 of 1st period - Bryan Little wins face-off versus Ryan Nugent-Hopkins in VANCOUVER VOODOO zone. 13:11 of 1st period - Shot by Devin Shore. 13:11 of 1st period - Shot Misses the Net. 13:13 of 1st period - Shot by Jack Johnson. 13:13 of 1st period - Stopped by Marc-Andre Fleury without a rebound. 13:14 of 1st period - Joel Eriksson Ek wins face-off versus Derek Ryan in LAS VEGAS LIZARD KINGS zone. 13:29 of 1st period - Shot by Rocco Grimaldi. 13:29 of 1st period - Deflect By Leo Komarov. 13:29 of 1st period - Stopped by Marc-Andre Fleury without a rebound. 13:30 of 1st period - Sean Monahan wins face-off versus Bryan Little in LAS VEGAS LIZARD KINGS zone. 14:12 of 1st period - Nino Niederreiter is hit by Mathew Dumba and loses puck. 14:23 of 1st period - Icing by Johnny Gaudreau. 14:24 of 1st period - Anze Kopitar wins face-off versus Nino Niederreiter in LAS VEGAS LIZARD KINGS zone. 15:24 of 1st period - Minor Penalty to Michael Matheson for High sticking. 15:25 of 1st period - Leo Komarov wins face-off versus Ryan Nugent-Hopkins in VANCOUVER VOODOO zone. 16:57 of 1st period - Shot by Ryan Nugent-Hopkins. 16:57 of 1st period - Shot Misses the Net. 16:59 of 1st period - Shot by Matt Niskanen. 16:59 of 1st period - Stopped by Carey Price with a rebound. 17:21 of 1st period - Shot by Johnny Gaudreau. 17:21 of 1st period - Shot Blocked by Danny DeKeyser. 17:23 of 1st period - Shot by Johnny Gaudreau. 17:23 of 1st period - Shot Misses the Net. 17:25 of 1st period - Shot by Nick Jensen. 17:25 of 1st period - Shot Misses the Net. 17:27 of 1st period - Shot by Barclay Goodrow. 17:27 of 1st period - Stopped by Carey Price with a rebound. 17:48 of 1st period - Shot by Jason Pominville. 17:48 of 1st period - Stopped by Carey Price without a rebound. 17:49 of 1st period - Anze Kopitar wins face-off versus Derek Ryan in VANCOUVER VOODOO zone. 17:49 of 1st period - Anze Kopitar is hit by Mike Ferland. 17:59 of 1st period - Shot by Anze Kopitar. 17:59 of 1st period - Stopped by Marc-Andre Fleury without a rebound. 18:00 of 1st period - Derek Ryan wins face-off versus Cam Atkinson in LAS VEGAS LIZARD KINGS zone. 18:02 of 1st period - Icing by Mike Ferland. 18:03 of 1st period - Anze Kopitar wins face-off versus Mike Ferland in LAS VEGAS LIZARD KINGS zone. 18:11 of 1st period - Icing by Matt Niskanen. 18:12 of 1st period - Anze Kopitar wins face-off versus Derek Ryan in LAS VEGAS LIZARD KINGS zone. 18:25 of 1st period - Shot by Cam Atkinson. 18:25 of 1st period - Shot Blocked by Calvin De Haan. 18:28 of 1st period - Icing by Calvin De Haan. 18:29 of 1st period - Joel Eriksson Ek wins face-off versus Derek Ryan in LAS VEGAS LIZARD KINGS zone. Goals for this period are 0 for LAS VEGAS LIZARD KINGS vs 0 for VANCOUVER VOODOO. Shots for this period are 14 for LAS VEGAS LIZARD KINGS vs 10 for VANCOUVER VOODOO. 2nd period 0:01 of 2nd period - Anze Kopitar wins face-off versus Sean Monahan in neutral zone. 0:22 of 2nd period - Danny DeKeyser is hit by Johnny Gaudreau and loses puck. 0:33 of 2nd period - Shot by Johnny Gaudreau. 0:33 of 2nd period - Shot Hit the Post. 0:35 of 2nd period - Shot by Sean Monahan. 0:35 of 2nd period - Shot Misses the Net. 0:37 of 2nd period - Shot by Sean Monahan. 0:37 of 2nd period - Shot Misses the Net. 0:39 of 2nd period - Shot by Sean Monahan. 0:39 of 2nd period - Stopped by Carey Price with a rebound. 0:41 of 2nd period - Shot by Sean Monahan. 0:41 of 2nd period - Deflect By Johnny Gaudreau. 0:41 of 2nd period - Stopped by Carey Price without a rebound. 0:42 of 2nd period - Bryan Little wins face-off versus Ryan Nugent-Hopkins in VANCOUVER VOODOO zone. 0:53 of 2nd period - Shot by Andrew Shaw. 0:53 of 2nd period - Shot Blocked by Brayden McNabb. 0:55 of 2nd period - Shot by Andrew Shaw. 0:55 of 2nd period - Deflect By Devin Shore. 0:55 of 2nd period - Goal by Devin Shore - LAS VEGAS LIZARD KINGS : 0 - VANCOUVER VOODOO : 1. 0:56 of 2nd period - Joel Eriksson Ek wins face-off versus Derek Ryan in neutral zone. 1:32 of 2nd period - Shot by Rocco Grimaldi. 1:32 of 2nd period - Shot Blocked by Nick Jensen. 1:34 of 2nd period - Shot by Rocco Grimaldi. 1:34 of 2nd period - Goal by Rocco Grimaldi - LAS VEGAS LIZARD KINGS : 0 - VANCOUVER VOODOO : 2. 1:35 of 2nd period - Ryan Nugent-Hopkins wins face-off versus Bryan Little in neutral zone. 1:38 of 2nd period - Danny DeKeyser is hit by Bobby Ryan and loses puck. 2:05 of 2nd period - Andrew Shaw is hit by Matt Niskanen and loses puck. 3:02 of 2nd period - Cam Atkinson is hit by Brayden McNabb and loses puck. 3:58 of 2nd period - Shot by Rocco Grimaldi. 3:58 of 2nd period - Shot Misses the Net. 4:00 of 2nd period - Shot by Rocco Grimaldi. 4:00 of 2nd period - Stopped by Marc-Andre Fleury without a rebound. 4:01 of 2nd period - Bryan Little wins face-off versus Andy Andreoff i